 Dungeon Crawl Stone Soup version 0.29-a0-830-gcb1280458a (webtiles) character file.

Game seed: 15984334122068685773

11061 iguanaiguana the Warmonger (level 11, -4/54 HPs)
             Began as a Vine Stalker Warper on July 9, 2022.
             Was a High Priest of Okawaru.
             Slain by a stone giant (15 damage)
             ... in a volcano on July 11, 2022.
             The game lasted 00:43:54 (7766 turns).

iguanaiguana the Warmonger (Vine Stalker Warper)    Turns: 7766, Time: 00:43:55

Health: -4/54      AC: 15    Str: 15    XL:     11   Next: 71%
Magic:  0/19       EV: 11    Int: 13    God:    Okawaru [*****.]
Gold:   569        SH:  0    Dex: 17    Spells: 11/14 levels left

rFire   + + +      SeeInvis .   f - +4 quick blade "Giantbane" {freeze, rN+}
rCold   x x .      Faith    .   (no shield)
rNeg    + . .      Spirit   +   r - +0 fire dragon scales
rPois   .          Reflect  .   a - +0 helmet
rElec   .          Harm     .   (no cloak)
rCorr   .          Rampage  .   B - +0 pair of gloves
Will    +....                   g - +0 pair of boots
Stlth   +.........              n - amulet of regeneration
HPRegen 1.78/turn               u - ring of fire
MPRegen 0.16/turn               i - +4 ring of protection

@: no status effects
A: fangs 3, regeneration 1, magic shield, antimagic bite, no potion heal 2
a: Renounce Religion, Heroism, Finesse, Duel


You were in a volcano.
You worshipped Okawaru.
Okawaru was extremely pleased with you.
You visited 3 branches of the dungeon, and saw 15 of its levels.
You also visited: Bailey and Volcano.

You collected 569 gold pieces.

Inventory:

Hand Weapons
 f - the +4 quick blade "Giantbane" (weapon) {freeze, rN+}
   (You acquired it on level 7 of the Dungeon)

   It freezes those it strikes, dealing additional cold damage.
   It can also slow down cold-blooded creatures.
   rN:        It protects you from negative energy.
 M - a +1 lajatang of pain
Missiles
 m - 18 poisoned darts
 I - 6 boomerangs (quivered)
Armour
 a - a +0 helmet (worn)
 g - a +0 pair of boots (worn)
 l - an orb of wrath
 r - +0 fire dragon scales (worn)
 B - a +0 pair of gloves (worn)
 F - quicksilver dragon scales
Jewellery
 e - a ring of fire
 i - a +4 ring of protection (right hand)
 k - an amulet of reflection
 n - an amulet of regeneration (around neck)
 t - a ring of flight
 u - a ring of fire (left hand)
 C - a ring of see invisible
Wands
 b - a wand of light (4)
Scrolls
 c - 2 scrolls of blinking {@r4}
 h - 2 scrolls of fog
 j - 2 scrolls of noise
 o - a scroll of silence {unknown}
 p - a scroll of immolation
 s - 3 scrolls of enchant weapon
 x - 2 scrolls of teleportation {@r3}
 y - 2 scrolls of fear {unknown}
 E - a scroll of enchant armour {unknown}
 H - 3 scrolls of magic mapping {@r5}
 K - a scroll of brand weapon {unknown}
Potions
 d - 3 potions of curing {@q1}
 q - 2 potions of attraction
 v - a potion of ambrosia
 w - 2 potions of lignification
 z - 2 potions of magic
 A - a potion of flight
 D - 2 potions of mutation {unknown}
 G - a potion of cancellation
 L - a potion of might {unknown}
Miscellaneous
 J - a lightning rod (4/4)


   Skills:
 + Level 4.8 Fighting
 - Level 8.0 Short Blades
 - Level 5.1 Throwing
 - Level 2.0 Armour
 - Level 6.0 Dodging
 - Level 4.0 Stealth
 - Level 2.1 Spellcasting
 - Level 5.6 Translocations
 - Level 10.0 Invocations
 - Level 4.0 Evocations


You had 11 spell levels left.
You knew the following spells:

 Your Spells              Type           Power      Damage    Failure   Level
a - Blink                 Tloc           32%        N/A       19%         2
b - Apportation           Tloc           32%        N/A       13%         1

Your spell library contained the following spells:

 Spells                   Type           Power      Damage    Failure   Level
 Gell's Gravitas          Tloc           16%        N/A       36%         3
 Lesser Beckoning         Tloc           16%        N/A       36%         3
 Teleport Other           Tloc           16%        N/A       36%         3
 Necrotise                Necr           4%         1d4       78%         1
 Sandblast                Erth           2%         2d4       78%         1
 Passwall                 Tmut/Erth      0%         N/A       89%         2
 Stone Arrow              Conj/Erth      2%         3d7       98%         3
 Manifold Assault         Tloc           16%        N/A       98%         5
 Summon Small Mammal      Summ           Unusable   N/A       N/A         1

Dungeon Overview and Level Annotations

Branches:
Dungeon (11/15) Zot: 26887  Temple (1/1) D:6 Zot: 5804    Lair (3/6) D:11 Zot: 17684
    Orc (0/2) D:10         Bailey (visited)         Volcano (1/1) Zot: 5799
  Swamp: Lair:2-4    Shoals: Lair:2-4     Snake: Lair:2-4    Spider: Lair:2-4

Altars:
Ashenzari
Elyvilon
Fedhas
Gozag
Kikubaaqudgha
Makhleb
Nemelex Xobeh
Okawaru
Qazlal
Ru
Sif Muna
Trog
Vehumet
Wu Jian
Xom
The Shining One

Annotations:
D:2 1 runed translucent door, Crazy Yiuf
D:3 2 transporters, Eustachio; zhov's ghost, amateur MiHu
D:6 3 runed translucent doors, zhov's ghost, novice MiHu
Lair:1 exclusion: oklob plant


Innate Abilities, Weirdness & Mutations

You have razor-sharp teeth.
Your natural rate of healing is unusually fast.
When hurt, damage is shared between your health and your magic reserves.
Your bite disrupts and absorbs the magic of your enemies.
Potions cannot restore your health.


Message History

The stone giant is heavily wounded.
You hit the stone giant. You freeze the stone giant.
You bite the stone giant, but do no damage.
The stone giant is heavily wounded.
The stone giant is no longer blind.
You barely miss the stone giant.
The stone giant is heavily wounded.
You hit the stone giant but do no damage.
Your bite misses the stone giant.
The stone giant is heavily wounded.
You hit the stone giant but do no damage.
You bite the stone giant, but do no damage.
The stone giant is heavily wounded.
You puncture the stone giant! You freeze the stone giant.
The stone giant is severely wounded.
You hit the stone giant. You freeze the stone giant.
You punch the stone giant, but do no damage.
You drain its power.
You feel invigorated.
The stone giant is severely wounded.
The stone giant hits you!!
* * * LOW HITPOINT WARNING * * *
You barely miss the stone giant.
You bite the stone giant, but do no damage.
The stone giant is severely wounded.
Your hands slow down.
You hit the stone giant but do no damage.
The stone giant is severely wounded.
You hit the stone giant. You freeze the stone giant.
The stone giant is almost dead.
You barely miss the stone giant.
The stone giant is almost dead.
The stone giant hits you!!
* * * LOW HITPOINT WARNING * * *
Aiming: Bolt of Light
Press: ? - help, Shift-Dir - straight line, f/p - stone giant
Aim: a stone giant, quivering large rocks (severely wounded, 100% to hit)
The bolt of light hits the stone giant!
The stone giant is almost dead.
The stone giant is blinded.
The stone giant hits you!
You die...

### ###..###
#..)$).# ...§§§§§§
#C.$!$.# .§§§§§§§
#@.!$[.# §§§§≈§≈
#'#..### §.≈≈§≈
#.###### #..≈≈§
###.##...## ###..≈≈§
#.8..#....###8....≈§
#._..).∩..).......≈§
#.8..#)...###8.....§
###.##...## ####....
#.###### ###..


You could see a stone giant (blind).

Vanquished Creatures
  A hydra (Lair:3)
  3 two-headed ogres
  A black mamba (Lair:1)
  2 gargoyles (Volcano)
  2 molten gargoyles (Volcano)
  An efreet (Volcano)
  2 komodo dragons (Lair:1)
  2 trolls
  6 spriggans (Bailey)
  A wyvern (D:9)
  7 fire bats (Volcano)
  A vampire (D:10)
  3 steam dragons
  Edmund (D:5)
  Menkaure (D:6)
  3 water moccasins
  2 black bears (D:11)
  A sky beast (D:8)
  An orc warrior (D:11)
  8 ogres
  A centaur (D:7)
  A kobold brigand (D:8)
  2 earth elementals (Volcano)
  5 bullfrogs
  A necrophage (D:6)
  3 scorpions
  5 killer bees (D:9)
  2 howler monkeys
  5 lava snakes (Volcano)
  2 jellies
  5 hounds
  2 orc priests
  3 orc wizards
  3 iguanas
  Robin (D:2)
  4 gnolls (D:4)
  5 adders
  A shadow imp (D:5)
  A worm (D:3)
  14 orcs
  7 ball pythons
  2 bats
  7 endoplasms
  3 giant cockroaches
  13 goblins
  6 hobgoblins
  2 jackals (D:4)
  3 quokkas
  A frilled lizard (D:1)
  11 kobolds
  4 rats
174 creatures vanquished.

Vanquished Creatures (others)
  A fungus (Lair:2)
  13 plants
14 creatures vanquished.

Grand Total: 188 creatures vanquished

Notes
Turn   | Place    | Note
-------+----------+-------------------------------------------
     0 | D:1      | iguanaiguana the Vine Stalker Warper began the quest for
                  | the Orb.
     0 | D:1      | Reached XP level 1. HP: 11/11 MP: 4/4
   919 | D:1      | Reached XP level 2. HP: 15/15 MP: 6/6
  1089 | D:1      | Learned a level 2 spell: Blink
  1109 | D:2      | Found a faded altar of an unknown god.
  1165 | D:2      | Noticed a howler monkey
  1184 | D:2      | Killed a howler monkey
  1185 | D:2      | Reached XP level 3. HP: 7/18 MP: 4/7
  1494 | D:2      | Gained mutation: Your natural rate of healing is unusually
                  | fast. [Vine Stalker growth]
  1494 | D:2      | Reached XP level 4. HP: 22/22 MP: 8/8
  1580 | D:2      | Noticed Robin
  1594 | D:2      | Killed Robin
  1879 | D:2      | Found a runed translucent door.
  1880 | D:2      | Noticed Crazy Yiuf
  2274 | D:3      | Found a transporter.
  2294 | D:3      | Noticed zhov's ghost (amateur MiHu)
  2874 | D:3      | Found a transporter.
  2922 | D:4      | Reached XP level 5. HP: 26/26 MP: 9/9
  3019 | D:4      | Reached skill level 5 in Short Blades
  3163 | D:4      | Reached XP level 6. HP: 20/30 MP: 7/10
  3381 | D:4      | Noticed Eustachio
  3695 | D:4      | Reached XP level 7. HP: 34/34 MP: 11/11
  3951 | D:4      | Found a blossoming altar of Fedhas.
  4086 | D:5      | Entered Level 5 of the Dungeon
  4304 | D:5      | Noticed Edmund
  4316 | D:5      | Killed Edmund
  4405 | D:4      | Gained mutation: You have razor-sharp teeth. [Vine Stalker
                  | growth]
  4405 | D:4      | Reached XP level 8. HP: 27/40 MP: 10/12
  4675 | D:6      | Found a staircase to the Ecumenical Temple.
  4681 | Temple   | Entered the Ecumenical Temple
  4866 | Temple   | Became a worshipper of Warmaster Okawaru
  4936 | D:6      | Noticed Menkaure
  4947 | D:6      | Killed Menkaure
  4966 | D:6      | Found an opulent altar of Gozag.
  4969 | D:6      | Learned a level 1 spell: Apportation
  5123 | D:6      | Reached skill level 5 in Translocations
  5155 | D:6      | Found a runed translucent gate.
  5155 | D:6      | Found a runed translucent gate.
  5155 | D:6      | Found a runed translucent gate.
  5157 | D:6      | Found an opulent altar of Gozag.
  5161 | D:6      | Noticed a shadow
  5161 | D:6      | Noticed zhov's ghost (novice MiHu)
  5204 | D:6      | Reached * piety under Okawaru
  5236 | D:6      | Upgraded the game from 0.29-a0-823-gc37b1572da to
                  | 0.29-a0-830-gcb1280458a
  5357 | D:7      | Identified a scroll of acquirement
  5364 | D:7      | Acquired the +4 quick blade "Giantbane" {freeze, rN+}
  5690 | D:8      | Found a stormy altar of Qazlal.
  5696 | D:8      | Noticed an air elemental
  5696 | D:8      | Noticed a water elemental
  5728 | D:8      | Reached skill level 1 in Throwing
  5739 | D:8      | Found an ancient bone altar of Kikubaaqudgha.
  5783 | D:8      | Reached skill level 2 in Invocations
  5783 | D:8      | Reached XP level 9. HP: 39/45 MP: 10/13
  5833 | D:8      | Reached ** piety under Okawaru
  5834 | D:8      | Reached skill level 3 in Invocations
  5879 | D:9      | Reached skill level 4 in Invocations
  5893 | D:10     | Entered Level 10 of the Dungeon
  5900 | D:10     | Found a flagged portal.
  5900 | D:10     | Noticed a two-headed ogre
  5908 | D:10     | Killed a two-headed ogre
  5909 | D:10     | Reached skill level 6 in Invocations
  5922 | Bailey   | Entered a bailey
  5991 | Bailey   | Reached skill level 1 in Armour
  5993 | Bailey   | Reached *** piety under Okawaru
  6051 | Bailey   | Reached XP level 10. HP: 21/49 MP: 7/15
  6077 | Bailey   | Reached skill level 5 in Throwing
  6107 | Bailey   | Noticed a two-headed ogre
  6120 | Bailey   | Killed a two-headed ogre
  6120 | Bailey   | Reached **** piety under Okawaru
  6287 | D:10     | Identified the +6 short sword "Jellybane" {venom, rF+
                  | Int+4}
  6406 | D:8      | Found a burning altar of Makhleb.
  6587 | D:9      | Reached skill level 5 in Dodging
  6686 | D:9      | Noticed a two-headed ogre
  6729 | D:9      | Killed a two-headed ogre
  6729 | D:9      | Reached ***** piety under Okawaru
  6869 | D:10     | Reached skill level 7 in Invocations
  6974 | D:11     | Received a gift from Okawaru
  6990 | D:11     | Found a staircase to the Lair.
  7006 | D:11     | Reached XP level 11. HP: 50/53 MP: 17/17
  7047 | Lair:1   | Entered Level 1 of the Lair of Beasts
  7047 | Lair:1   | Noticed an oklob plant
  7108 | Lair:1   | Reached skill level 8 in Invocations
  7204 | Lair:1   | Reached skill level 9 in Invocations
  7397 | Lair:3   | Noticed a five-headed hydra
  7411 | Lair:3   | Killed a five-headed hydra
  7412 | Lair:3   | Found a dark tunnel.
  7421 | Volcano  | Entered a volcano
  7443 | Volcano  | Received a gift from Okawaru
  7492 | Volcano  | Reached skill level 10 in Invocations
  7495 | Volcano  | Reached skill level 1 in Evocations
  7564 | Volcano  | Found a bloodstained altar of Trog.
  7741 | Volcano  | Noticed a stone giant
  7766 | Volcano  | Slain by a stone giant

Illustrated notes

Levels and vault maps discovered:
D:1:      lightli_arrival_chessboard, layout_loops_corners, serial_forest,
          infiniplex_forest_straight_1, infiniplex_forest_lined_2,
          infiniplex_forest_fountain, infiniplex_forest_clump_tiny,
          infiniplex_forest_clump_small, infiniplex_forest_end_1,
          infiniplex_forest_lined_room_2, infiniplex_forest_clump_small,
          infiniplex_forest_straight_4, minmay_tetromino_i4
D:2:      layout_loops_corners, basic_ecumenical_altar, uniq_crazy_yiuf_cottage,
          uniq_robin
D:3:      cheibrodos_helix_gallery, layout_basic, gammafunk_ghost_gnarly_gnolls
D:4:      layout_basic, fedhas_altar_fruit_tree, uniq_eustachio
D:5:      layout_cave_pools, uniq_edmund
D:6:      layout_basic, mainiacjoe_overflow_paths, minmay_temple_entry_mist,
          ebering_ghost_gozag, uniq_menkaure, uniq_grinder
D:7:      layout_loops_ring, amethyst_overflow_temple_binary,
          reono_crystal_passage, uniq_prince_ribbit1
D:8:      layout_basic, mainiacjoe_overflow_tiny_flanked, kennysheep_mini_moat,
          kennysheep_mini, nicolae_qazlal_style_of_elements, lemuel_old_faithful
D:9:      layout_basic, nzn_hepliaklqana_mist_gate
D:10:     layout_loops_cross, enter_bailey_2
D:11:     layout_roguey [special_room_orc], grunt_lair_entry_orc_guard_hut,
          uniq_maurice
Temple:   nicolae_temple_figure_eight
Lair:1:   layout_cave_pods, dpeg_stationary_puzzle, grunt_megastairs_4
Lair:2:   layout_small_grid, minmay_snake_entry_guardpost_small,
          kennysheep_snail_temple, lemuel_fruit_fields, serial_bayou_shore_b
Lair:3:   layout_chaotic_city, enter_volcano_1
Volcano:  volcano_grotto [vgs_original]

Skill      XL: |  1  2  3  4  5  6  7  8  9 10 11 |
---------------+----------------------------------+-----
Short Blades   | 2 3 4 5 6 7 8 |  8.0
Fighting       | 3 4 |  4.8
Translocations | 5 |  5.6
Throwing       | 1 4 5 |  5.1
Invocations    | 2 6 7 10 | 10.0
Stealth        | 4 |  4.0
Armour         | 2 |  2.0
Dodging        | 6 |  6.0
Evocations     | 4 |  4.0
Spellcasting   | |  2.1

Action                   |  1- 3 |  4- 6 |  7- 9 | 10-12 || total
-------------------------+-------+-------+-------+-------++-------
Melee: Short sword       |    49 |       |       |       ||    49
       Bite              |    11 |    52 |    77 |   156 ||   296
       Dagger            |       |   189 |   138 |       ||   327
       Punch             |       |     2 |     6 |    13 ||    21
       Unarmed           |       |     6 |       |       ||     6
       Quick blade       |       |       |    85 |   422 ||   507
Throw: Boomerang         |       |     5 |     2 |    18 ||    25
       Dart              |       |     5 |    11 |    41 ||    57
 Cast: Blink             |       |       |     1 |       ||     1
Invok: Heroism           |       |       |     1 |     1 ||     2
       Finesse           |       |       |       |     1 ||     1
Evoke: Wand              |       |       |    12 |     5 ||    17
  Use: Potion            |     5 |     3 |     2 |     2 ||    12
       Scroll            |       |     8 |     4 |     2 ||    14
 Stab: Invisible         |       |       |     2 |     6 ||     8
Armor: Leather armour    |     8 |       |    15 |     4 ||    27
       Ring mail         |     7 |    97 |    56 |       ||   160
       Skin              |       |    10 |       |       ||    10
       Quicksilver drago |       |       |       |    57 ||    57
Dodge: Dodged            |    21 |   103 |    89 |    99 ||   312

Table legend: (Time is in decaauts)
 A = Elapsed time spent in this place.
 B = Non-inter-level travel time spent in this place.
 C = Inter-level travel time spent in this place.
 D = Time resting spent in this place.
 E = Time spent auto-exploring this place.
 F = Levels seen in this place.
 G = Mean time per level.
                   A        B        C        D        E       F      G
               +--------+--------+--------+--------+--------+-----+--------+
         Total |   7311 |   5926 |   1385 |    161 |   3922 |  17 |  430.1 |
       Dungeon |   6291 |   5115 |   1176 |    161 |   3742 |  11 |  571.9 |
        Temple |    195 |    162 |     33 |      0 |    154 |   1 |  195.0 |
          Lair |    315 |    139 |    176 |      0 |      6 |   3 |  105.0 |
        Bailey |    309 |    309 |      0 |      0 |     20 |   1 |  309.0 |
       Volcano |    199 |    199 |      0 |      0 |      0 |   1 |  199.0 |
               +--------+--------+--------+--------+--------+-----+--------+

Top non-repeatable levels by time:
     D:2: 1129 daAuts
     D:4: 1116 daAuts
     D:1: 1101 daAuts
     D:3: 776 daAuts
     D:8: 547 daAuts
     D:5: 479 daAuts
     D:6: 415 daAuts
     D:9: 329 daAuts
  Bailey: 309 daAuts
 Volcano: 199 daAuts
  Lair:1: 196 daAuts
  Temple: 195 daAuts
     D:7: 183 daAuts
    D:10: 124 daAuts
    D:11: 88 daAuts
